AoeStats
← Vilo41

Arena

510207722Analyzed
1v1 RM · 2d ago on Sep 30, 2026· 47m 58s· 2 players
Game mode
Random Map
Map size
Tiny (2 player)
Population
200
Speed
Normal
Resources
Standard
Victory
Conquest
Starting age
Dark Age
Ending age
Imperial Age
RankedLock teamsTeams togetherTeam positionsShared explorationLock speedFull tech treeHidden civsTurbo modeCheats
Victory
Defeat
🇲🇽 Aztecs · Mexico
522
+15
🇻🇪 Spanish · Venezuela
503
-15
Vilo41
12:39 Feudal Age
13:51 Double-Bit Axe
15:05 Wheelbarrow
14:53 Horse Collar
18:17 Town Watch
21:44 Castle Age
19:41 Fletching
20:07 Man-at-Arms
22:47 Heavy Plow
24:44 Bow Saw
25:28 Bodkin Arrow
30:03 Padded Archer Armor
36:13 Forging
36:02 Gold Mining
36:05 Stone Mining
35:55 Pikeman
37:31 Leather Archer Armor
47:46 Imperial Age
Randy
11:38 Feudal Age
9:55 Loom
13:06 Double-Bit Axe
18:53 Fletching
19:17 Forging
20:23 Arson
21:05 Horse Collar
21:44 Forging
24:53 Castle Age
25:11 Forging
25:02 Scale Mail Armor
26:30 Eagle Warrior
26:48 Eagle Warrior
26:59 Eagle Warrior
27:37 Pikeman
29:54 Bow Saw
34:11 Sanctity
35:36 Iron Casting
35:17 Chain Mail Armor
40:16 Imperial Age
43:27 Elite Jaguar Warrior
46:53 Blast Furnace
46:24 Plate Mail Armor
Connection lost

Rejoining the realm…

Still unreachable

The connection could not be restored.

Session expired

The server has moved on; the page needs a fresh start.